 Dungeon Crawl Stone Soup version 0.29.1-14-g9c671dbff4 (webtiles) character file.

Game seed: 3318096939495253963

149 tizbic2 the Trooper (level 5, -2/57 HPs)
             Began as an Ogre Berserker on Feb 14, 2023.
             Was a Follower of Trog.
             Slain by an orc
             ... wielding a +0 trident
              (5 damage)
             ... on level 4 of the Dungeon.
             The game lasted 00:03:24 (860 turns).

tizbic2 the Trooper (Ogre Berserker)                 Turns: 860, Time: 00:03:25

Health: -2/57      AC:  5    Str: 23    XL:     5   Next: 31%
Magic:  5/5        EV: 10    Int:  8    God:    Trog [*.....]
Gold:   51         SH:  0    Dex:  8    Spells: 4/4 levels left

rFire   . . .      SeeInvis .   a - +0 mace (drain)
rCold   . . .      Faith    .   (no shield)
rNeg    . . .      Spirit   .   b - +2 animal skin
rPois   .          Reflect  .   (helmet restricted)
rElec   .          Harm     .   (no cloak)
rCorr   .          Rampage  .   (gloves unavailable)
Will    .....                   (boots unavailable)
Stlth   +.........              (no amulet)
HPRegen 0.19/turn               g - +4 ring of slaying
MPRegen 0.09/turn               (no ring)

@: on berserk cooldown, attractive, slowed, very slow
A: large, unfitting armour, tough skin 1
a: Renounce Religion, Berserk


You were on level 4 of the Dungeon.
You worshipped Trog.
Trog was aware of your devotion.
You visited 1 branch of the dungeon, and saw 3 of its levels.

You collected 51 gold pieces.

Inventory:

Hand Weapons
 a - a +0 mace of draining (weapon)
 w - a +0 sling
Missiles
 c - 3 javelins (quivered)
Armour
 b - a +2 animal skin (worn)
Jewellery
 g - a +4 ring of slaying (left hand)
Scrolls
 f - a scroll of enchant armour
Potions
 d - a potion of attraction
 e - a potion of magic {unknown}


   Skills:
 + Level 5.1 Fighting
 * Level 4.2 Maces & Flails
 + Level 3.5 Dodging


You had 4 spell levels left.
You didn't know any spells.
Your spell library was empty.

Dungeon Overview and Level Annotations

Branches:
Dungeon (2/15)

Altars:

Annotations:
D:4 Eustachio


Innate Abilities, Weirdness & Mutations

You are too large for most types of armour.
You have tough skin. (AC +1)


Message History

The orc barely misses you.
Edmund zaps a wand.
The puff of flame hits you!
You sock Edmund!
Edmund is severely wounded.
An orc comes into view. It is wielding a +0 trident.
The orc barely misses you. Edmund closely misses you.
The orc shouts!
You thump Edmund!
Edmund is almost dead.
A quokka comes into view.
The orc closely misses you.
Edmund hits you with a +2 flail of holy wrath!
* * * LOW HITPOINT WARNING * * *
Eustachio hits you with a +0 rapier.
* * * LOW HITPOINT WARNING * * *
You are too berserk!
You sock Edmund!
You kill Edmund!
Trog accepts your kill.
Your Fighting skill increases to level 5!
Your Maces & Flails skill increases to level 4!
You have reached level 4!
You have reached level 5!
You sock Eustachio!
Eustachio is severely wounded.
The orc hits you from afar with a +0 trident!
* * * LOW HITPOINT WARNING * * *
Eustachio growls, "To hell with you, honourless miscreant!"
Eustachio casts a spell.
Eustachio blinks!
You are no longer berserk.
You are exhausted.
You feel yourself slow down.
Eustachio screams, "At last I'll have my revenge!"
Things that are here:
a +2 flail of holy wrath; a +0 leather armour; a wand of flame (4)
Okay, then.
It was a potion of attraction.
You feel attractive to monsters.
The orc hits you from afar with a +0 trident.
You die...

.@...#. ....... #+
....... ...
....... ....
?o...# .....
##....##.
..(...####o.......
.....@'@.oo...)...
......####r..#.###
..... #......#
.... #.###..# ...
#@# .# #+
##.###..#
#.......#
#..####.#
#.......#


You could see Eustachio (drained), 3 orcs and a quokka.

Vanquished Creatures
  Edmund (D:4)
  An adder (D:2)
  A bat (D:1)
  3 endoplasms
  A hobgoblin (D:1)
  A kobold (D:1)
  2 quokkas (D:1)
  2 ball pythons (D:1)
  4 frilled lizards
  A goblin (D:1)
17 creatures vanquished.

Notes
Turn   | Place    | Note
-------+----------+-------------------------------------------
     0 | D:1      | tizbic2 the Ogre Berserker began the quest for the Orb.
     0 | D:1      | Reached XP level 1. HP: 24/24 MP: 1/1
   201 | D:1      | Reached XP level 2. HP: 27/32 MP: 2/2
   822 | D:2      | Reached XP level 3. HP: 37/40 MP: 3/3
   831 | D:2      | You fall into a shaft and drop 2 floors!
   840 | D:4      | Noticed Eustachio
   844 | D:4      | Noticed Edmund
   857 | D:4      | Killed Edmund
   858 | D:4      | Reached skill level 5 in Fighting
   858 | D:4      | Reached XP level 4. HP: 10/50 MP: 4/4
   858 | D:4      | Reached XP level 5. HP: 11/57 MP: 5/5
   858 | D:4      | HP: 4/85 [orc/+0 trident (7)]
   860 | D:4      | Slain by an orc

Illustrated notes

Levels and vault maps discovered:
D:1:      minmay_arrival_radiant_lines, layout_loops_ring, minmay_tetromino_l4
D:2:      layout_loops_ring, dreamdust_ecumenical_altar_sealed_demon
D:4:      minmay_spotlight, layout_loops_corners,
          minmay_temple_entry_proselytizer, minmay_shop_damaged, minmay_bent,
          uniq_duvessa, uniq_natasha, uniq_ijyb, uniq_eustachio, uniq_edmund

Skill      XL: |  1  2  3 |
---------------+----------+-----
Maces & Flails | 3 4 |  4.2
Dodging        | 3 |  3.5
Fighting       | 5 |  5.1

Action                   |  1- 3 |  4- 6 || total
-------------------------+-------+-------++-------
Melee: Mace              |    56 |     1 ||    57
 Fire: Sling             |     4 |       ||     4
Invok: Berserk           |     1 |       ||     1
  Use: Scroll            |     4 |       ||     4
       Potion            |       |     1 ||     1
Armor: Animal skin       |    25 |       ||    25
Dodge: Dodged            |    29 |       ||    29
